 Dungeon Crawl Stone Soup version 0.23.2-40-g277498a001 (webtiles) character file.

Game seed: 13770012685022875302

1829 FantasticalWhimsy the Ruffian (level 8, 0/70 HPs)
             Began as a Pale Draconian Transmuter on Aug 16, 2019.
             Slain by an orc warrior
             ... wielding a +0 flail
              (17 damage)
             ... on level 6 of the Dungeon.
             The game lasted 00:26:27 (6991 turns).

FantasticalWhimsy the Ruffian (DrTm)                Turns: 6991, Time: 00:26:27

Health: 0/70       AC:  2    Str: 14    XL:     8   Next: 86%
Magic:  11/15      EV: 19    Int: 15    God:
Gold:   171        SH:  0    Dex: 16    Spells: 6/16 levels left

rFire    . . .     SeeInvis .     - Unarmed
rCold    . . .     Gourm    .   (shield currently unavailable)
rNeg     . . .     Faith    .   (armour unavailable)
rPois    x         Spirit   .   (helmet currently unavailable)
rElec    .         Reflect  .   (cloak currently unavailable)
rCorr    .         Harm     .   (gloves currently unavailable)
MR       .....                  (boots currently unavailable)
Stlth    +.........             (no amulet)
HPRegen  0.21/turn              (no ring)
MPRegen  0.14/turn              (no ring)

@: short of breath, spider-form
A: tiny, (breathe steam), unfitting armour, AC +6
a: End Transformation


You were on level 6 of the Dungeon.
You were not hungry.
You were a venomous arachnid creature.
You visited 1 branch of the dungeon, and saw 6 of its levels.

You collected 171 gold pieces.

Inventory:

Hand Weapons
 b - a +1 hunting sling
   (You found it on level 1 of the Dungeon)
Missiles
 a - 87 arrows
 k - 156 stones (quivered)
 r - 6 javelins
 s - 27 poisoned needles
Armour
 j - a +1 pair of boots (melded)
   (You found it on level 2 of the Dungeon)
 n - a +1 pair of gloves (melded)
   (You found it on level 3 of the Dungeon)
 t - a +2 shield of reflection
   (You took it off an orc wizard on level 5 of the Dungeon)
Wands
 q - a wand of random effects (13)
   (You found it on level 4 of the Dungeon)
 x - a wand of acid (4)
   (You found it on level 5 of the Dungeon)
Scrolls
 g - a scroll of immolation {!r}
 h - a scroll of enchant weapon
 i - a scroll of random uselessness {unknown}
 o - a scroll of identify {@r1}
 p - 2 scrolls of remove curse {@r2}
 u - a scroll of vulnerability {unknown}
 y - a scroll of brand weapon {unknown}
 A - 2 scrolls of teleportation {@r4}
 B - a scroll of amnesia {unknown}
Potions
 c - a potion of magic
 d - 3 potions of curing {@q1}
 f - a potion of brilliance
 l - a potion of degeneration {!q}
 m - a potion of cancellation
 v - a potion of haste {@q3}
 w - a potion of heal wounds {unknown}
Comestibles
 e - 12 rations {!d}
 z - a chunk of flesh


   Skills:
 + Level 5.8 Fighting
 - Level 1.7 Dodging
 + Level 6.4 Unarmed Combat
 + Level 4.8 Spellcasting
 - Level 6.0 Transmutations
 * Level 3.1 Ice Magic
 - Level 1.1 Poison Magic


You had 6 spell levels left.
You knew the following spells:

 Your Spells              Type           Power        Failure   Level  Hunger
a - Beastly Appendage     Tmut           ###...       6%          1    None
c - Ice Form              Ice/Tmut       ###.....     47%         4    ####...
s - Sticks to Snakes      Tmut           ###.....     9%          2    ##.....
x - Spider Form           Tmut/Pois      ##........   28%         3    ###....

Your spell library contained the following spells:

 Spells                   Type           Power        Failure   Level  Hunger
 Blade Hands              Tmut           ###.......   58%         5    ######.


Dungeon Overview and Level Annotations

Branches:
Dungeon (6/15)             Temple (0/1) D:6

Altars:
Nemelex Xobeh
Trog
Xom

Annotations:
D:2 exclusion: downstairs
D:4 1 runed translucent door, Folks's ghost, amateur DgCj


Innate Abilities, Weirdness & Mutations

((You can breathe blasts of scalding, opaque steam.))
((Your pale cyan-grey scales are hard. (AC +6)))
You cannot fit into any form of body armour.
((You are cold-blooded and may be slowed by cold attacks.))


Message History

You butcher the quokka corpse.
z - a chunk of flesh You see here a quokka skeleton.
Found a scroll of identify.
An orc comes into view. It is wielding a +0 dagger.
The orc shouts!
There is a fountain of clear blue water here.
An orc warrior comes into view. It is wielding a +0 flail.
The orc warrior shouts!
An orc comes into view.
The orc barely misses you.
The orc shouts!
You punch the orc!
You kill the orc!
An orc priest comes into view. It is wielding a +0 flail.
The orc priest shouts!
The orc priest looks satisfied for a moment.
Things that are here:
a +0 dagger; a +0 leather armour
Things that are here:
a +0 dagger; a +0 leather armour
Items here: % ) ÷ † a +0 halberd; 4 chunks of flesh; a gnoll skeleton; a gnoll corpse You see here a +0 whip.
You hit the orc warrior but do no damage.
The orc warrior hits you with a +0 flail.
You hit the orc warrior but do no damage.
Casting: Spider Form (safe; 12% risk of failure)
You grow a pair of large bovine horns.
The orc warrior hits you with a +0 flail!
Aim: an orc priest, wielding a +0 flail You exhale a blast of scalding steam.
The ball of steam hits the orc warrior!
The ball of steam misses the orc.
You feel somewhat more hungry.
The orc warrior is engulfed in a cloud of scalding steam.
The orc warrior hits you with a +0 flail!
The orc is engulfed in a cloud of scalding steam.
You kill the orc!
Casting: Beastly Appendage (safe; 1% risk of failure)
Your horns disappear.
You turn into a venomous arachnid creature.
Your +1 pair of gloves melds into your body.
Your +1 pair of boots melds into your body.
You feel a bit more experienced.
The orc warrior is engulfed in a cloud of scalding steam.
The orc warrior hits you with a +0 flail!!
* * * LOW HITPOINT WARNING * * *
The orc warrior is engulfed in a cloud of scalding steam.
You barely miss the orc warrior.
The orc warrior hits you with a +0 flail!
You die...

########## .#
##........### .#
##...####.so.#
.# #.._.# #..#§#
.# #....# #..#§#
.# #.#÷##
#..#)####.######
#...#
#..#§...........
###.#
#..####o÷.......
#...# #..#
##.#.##....
#.### #..#
#.o..# #. #.# #
#...##


You could see an orc warrior.

Vanquished Creatures
  Pikel (D:5)
  A slave (D:5)
  A sky beast (D:6)
  2 ice beasts
  An ogre (D:4)
  2 centaurs (D:5)
  2 crimson imps
  A centaur skeleton (D:4)
  3 orc priests
  6 orc wizards
  2 hounds
  A jelly (D:6)
  An iguana (D:4)
  4 worker ants
  A hound zombie (D:5)
  6 gnolls
  3 adders
  A shadow imp (D:5)
  4 oozes
  3 adder skeletons
  A worm (D:3)
  A dart slug (D:1)
  A leopard gecko (D:3)
  26 orcs
  5 bats
  2 giant cockroaches
  10 goblins
  8 hobgoblins
  14 jackals
  5 quokkas
  2 frilled lizards
  5 kobolds
  4 quokka skeletons
  7 rats
  A butterfly (D:4)
138 creatures vanquished.

Vanquished Creatures (collateral kills)
  A butterfly (D:4)
1 creature vanquished.

Vanquished Creatures (others)
  An orc (D:5)
1 creature vanquished.

Grand Total: 140 creatures vanquished

Notes
Turn   | Place    | Note
-------+----------+-------------------------------------------
     0 | D:1      | FantasticalWhimsy the Draconian Transmuter began the quest
                  | for the Orb.
     0 | D:1      | Reached XP level 1. HP: 16/16 MP: 3/3
   324 | D:1      | Reached XP level 2. HP: 20/23 MP: 3/5
   918 | D:1      | Learned a level 2 spell: Sticks to Snakes
   967 | D:2      | Reached XP level 3. HP: 17/29 MP: 4/6
  1031 | D:1      | Learned a level 3 spell: Spider Form
  2489 | D:3      | Reached XP level 4. HP: 34/36 MP: 5/7
  3369 | D:3      | Reached skill level 1 in Poison Magic
  3681 | D:4      | Found a shimmering altar of Xom.
  3835 | D:3      | Reached XP level 5. HP: 36/42 MP: 2/8
  3974 | D:4      | Noticed an ogre
  4252 | D:4      | HP: 2/45 [iguana (15)]
  4253 | D:4      | Reached XP level 6. HP: 9/51 MP: 3/10
  4505 | D:4      | Learned a level 4 spell: Ice Form
  4512 | D:4      | Found a runed translucent door.
  4680 | D:4      | Reached skill level 5 in Unarmed Combat
  5084 | D:4      | Noticed Folks's ghost (amateur DgCj)
  5131 | D:4      | Found a sparkling altar of Nemelex Xobeh.
  5234 | D:5      | Entered Level 5 of the Dungeon
  5276 | D:5      | Your scales start taking on a pale cyan-grey colour.
  5276 | D:5      | Reached XP level 7. HP: 59/59 MP: 2/11
  6108 | D:5      | Noticed Pikel
  6124 | D:5      | Killed Pikel
  6124 | D:5      | Reached skill level 5 in Fighting
  6124 | D:5      | Reached XP level 8. HP: 46/68 MP: 6/14
  6250 | D:5      | Reached skill level 1 in Ice Magic
  6899 | D:6      | Found a bloodstained altar of Trog.
  6925 | D:6      | Found a staircase to the Ecumenical Temple.
  6991 | D:6      | Slain by an orc warrior

Skill      XL: |  1  2  3  4  5  6  7  8 |
---------------+-------------------------+-----
Fighting       | 2 3 4 5 |  5.8
Unarmed Combat | 4 5 6 |  6.4
Poison Magic   | 1 |  1.1
Transmutations | 3 4 6 |  6.0
Spellcasting   | 3 4 |  4.8
Ice Magic      | 3 |  3.1
Dodging        | |  1.7

Action                   |  1- 3 |  4- 6 |  7- 9 || total
-------------------------+-------+-------+-------++-------
Melee: Unarmed           |   169 |   136 |   136 ||   441
       Tailslap          |    17 |    10 |     8 ||    35
       Headbutt          |     9 |     6 |       ||    15
       Kick              |     4 |       |       ||     4
       Punch             |       |     4 |       ||     4
 Cast: Beastly Appendage |    17 |     5 |     3 ||    25
       Sticks to Snakes  |     2 |     9 |       ||    11
       Spider Form       |       |    11 |     9 ||    20
 Abil: Breathe Steam     |       |       |    13 ||    13
  Use: Scroll            |       |    13 |     2 ||    15
       Potion            |       |     2 |       ||     2
  Eat: Chunk             |     5 |    12 |     8 ||    25
Armor: Skin              |    47 |    31 |    37 ||   115
Dodge: Dodged            |   103 |    85 |    85 ||   273
